 Dungeon Crawl Stone Soup version 0.25-a0-322-g3677130cb1 (webtiles) character file.

Game seed: 18008202991701701431, levelgen mode: deterministic

1350 Error4North the Shield-Bearer (level 8, -1/68 HPs)
             Began as a Hill Orc Fighter on Dec 26, 2019.
             Was a Believer of Okawaru.
             Slain by Duvessa
             ... wielding a +0 short sword
              (12 damage)
             ... on level 6 of the Dungeon on Dec 27, 2019.
             The game lasted 00:20:31 (5387 turns).

Error4North the Shield-Bearer (Hill Orc Fighter)    Turns: 5387, Time: 00:20:33

Health: -1/68      AC: 14    Str: 20    XL:     8   Next: 63%
Magic:  12/12      EV:  4    Int:  9    God:    Okawaru [**....]
Gold:   231        SH: 10    Dex: 10    Spells: 12/12 levels left

rFire    . . .     SeeInvis .   l - +2 mace (crush)
rCold    . . .     Gourm    .   c - +0 shield
rNeg     . . .     Faith    .   w - +0 plate armour
rPois    .         Spirit   .   m - +0 helmet (curse)
rElec    .         Reflect  .   q - scarf {cloud immunity}
rCorr    .         Harm     .   (no gloves)
MR       .....                  (no boots)
Stlth    ..........             (no amulet)
HPRegen  0.21/turn              (no ring)
MPRegen  0.13/turn              (no ring)

@: no status effects
A: no striking features
a: Heroism, Renounce Religion


You were on level 6 of the Dungeon.
You worshipped Okawaru.
Okawaru was pleased with you.
You were not hungry.

You visited 2 branches of the dungeon, and saw 7 of its levels.

You collected 231 gold pieces.

Inventory:

Hand Weapons
 l - a +2 mace of crushing (weapon)
 C - a +0 hunting sling
Missiles
 i - 60 sling bullets
 k - 211 stones
 n - 6 boomerangs (quivered)
 o - 5 javelins
Armour
 c - a +0 shield (worn)
 m - a cursed +0 helmet (worn)
 q - a scarf of cloud immunity (worn)
 w - a +0 plate armour (worn)
 y - a scarf of resistance
Jewellery
 u - an uncursed ring of protection from magic {unknown}
Wands
 z - a wand of enslavement (3)
Scrolls
 a - 5 scrolls of remove curse {unknown}
 b - a scroll of magic mapping {unknown}
 g - 3 scrolls of teleportation {unknown}
 h - 8 scrolls of identify
 j - 2 scrolls of fear {unknown}
 r - 2 scrolls of amnesia {unknown}
 t - a scroll of blinking {unknown}
 x - 2 scrolls of enchant armour {unknown}
 E - a scroll of immolation {unknown}
 F - a scroll of fog {unknown}
Potions
 d - a potion of might
 e - 8 potions of curing {unknown}
 p - a potion of agility {unknown}
 s - 2 potions of magic {unknown}
 v - a potion of ambrosia {unknown}
 A - a potion of resistance {unknown}
 B - a potion of heal wounds
 D - a potion of cancellation {unknown}
Comestibles
 f - 10 rations
 G - 2 chunks of flesh


   Skills:
 + Level 5.3 Fighting
   Level 2.9(5.0) Axes
 + Level 5.2(5.5) Maces & Flails
 + Level 0.3 Slings
 * Level 6.2 Armour
 + Level 0.9 Dodging
 * Level 6.4 Shields
 * Level 2.7 Spellcasting


You had 12 spell levels left.
You didn't know any spells.
Your spell library was empty.

Dungeon Overview and Level Annotations

Branches:
Dungeon (6/15)             Temple (1/1) D:4

Altars:
Ashenzari
Cheibriados
Dithmenos
Elyvilon
Fedhas
Gozag
Hepliaklqana
Kikubaaqudgha
Makhleb
Nemelex Xobeh
Okawaru
Qazlal
Ru
Sif Muna
Uskayaw
Vehumet
Wu Jian
Xom
Yredelemnul
Zin
The Shining One

Shops:
D:5 %=[%

Annotations:
D:6 Duvessa


Message History

Duvessa is heavily wounded.
You block Duvessa's attack. Duvessa hits you but does no damage.
You hit Duvessa but do no damage.
Duvessa is heavily wounded.
You block Duvessa's attack. Duvessa hits you with a +0 short sword!
You hit Duvessa.
Duvessa is severely wounded.
Duvessa completely misses you.
Your shield and plate armour prevent you from hitting Duvessa.
Duvessa is severely wounded.
You block Duvessa's attack. Duvessa hits you but does no damage.
A jackal comes into view.
The jackal barks!
You hit Duvessa.
Duvessa is severely wounded.
You hear an angry hiss.
You hear a bark!
Duvessa hits you with a +0 short sword!
* * * LOW HITPOINT WARNING * * *
Duvessa hits you with a +0 short sword!
You die...

#. . . .###
..### ...##
(.(##...#
#..#...# ##
#.)e..# ..
#@..###.. #.
#####....h..^
#.
#.......####.
#.####.###...#
#####.#....#
#...#
#.......####
#...#
..####.##
##### #.#####
### #.....#
######..


You could see Duvessa (berserk) and a jackal.

Vanquished Creatures
  Edmund (D:4)
  An ice beast (D:5)
  A phantom (D:5)
  A centaur (D:6)
  2 ogres (D:5)
  Dowan (D:6)
  2 scorpions (D:5)
  A howler monkey (D:4)
  A crimson imp (D:5)
  3 hounds
  2 orc wizards
  4 iguanas
  2 worker ants (D:4)
  A killer bee zombie (D:6)
  2 gnolls (D:5)
  9 adders
  2 river rats (D:4)
  4 oozes
  2 adder skeletons
  3 worms
  2 dart slugs
  3 leopard geckos
  10 orcs
  4 ball pythons
  10 bats
  6 giant cockroaches
  8 goblins
  9 hobgoblins
  10 jackals
  5 quokkas
  6 frilled lizards
  10 kobolds
  A leopard gecko zombie (D:5)
  2 quokka skeletons
  9 rats
140 creatures vanquished.

Notes
Turn   | Place    | Note
-------+----------+-------------------------------------------
     0 | D:1      | Error4North the Hill Orc Fighter began the quest for the
                  | Orb.
     0 | D:1      | Reached XP level 1. HP: 19/19 MP: 1/1
   259 | D:1      | Upgraded the game from 0.25-a0-317-g5f8687bca5 to
                  | 0.25-a0-322-g3677130cb1
   279 | D:1      | Reached XP level 2. HP: 27/27 MP: 2/2
   529 | D:1      | Reached XP level 3. HP: 27/33 MP: 3/3
  1181 | D:2      | Reached XP level 4. HP: 15/40 MP: 4/4
  2028 | D:3      | Reached skill level 1 in Maces & Flails
  2028 | D:3      | Reached XP level 5. HP: 43/46 MP: 6/6
  2487 | D:4      | Noticed Edmund
  2491 | D:3      | Reached skill level 1 in Spellcasting
  2625 | D:4      | Found a staircase to the Ecumenical Temple.
  2638 | D:4      | Reached skill level 5 in Armour
  2644 | Temple   | Entered the Ecumenical Temple
  2824 | Temple   | Became a worshipper of Warmaster Okawaru
  2855 | D:4      | Reached XP level 6. HP: 42/52 MP: 7/7
  3280 | D:4      | Killed Edmund
  3280 | D:4      | Reached XP level 7. HP: 54/59 MP: 9/9
  3786 | D:5      | Entered Level 5 of the Dungeon
  3873 | D:5      | Reached skill level 5 in Shields
  3879 | D:5      | Reached * piety under Okawaru
  4073 | D:5      | Found Joutiq's Armour Emporium.
  4198 | D:5      | Found Rutenn's Food Boutique.
  4462 | D:5      | Found Foebb's Jewellery Shop.
  4484 | D:5      | Reached XP level 8. HP: 47/67 MP: 11/11
  4788 | D:5      | Found Sapsauto's Food Boutique.
  4897 | D:5      | Reached skill level 5 in Fighting
  5063 | D:5      | Reached ** piety under Okawaru
  5354 | D:6      | Noticed Duvessa
  5355 | D:6      | Noticed Dowan
  5372 | D:6      | Killed Dowan
  5372 | D:6      | Reached skill level 5 in Maces & Flails
  5387 | D:6      | Slain by Duvessa

Levels and vault maps discovered:
D:1:      sevenhm_arrival_forest_fort_small_6, layout_loops_ring
D:2:      layout_loops_ring, first_ration
D:3:      layout_loops_ring
D:4:      layout_cave_pods, minmay_temple_entry_butterflies,
          portal_sewer_entry_e, uniq_edmund
D:5:      corexii_shantytown, layout_loops_ring, serial_shops, shop, shop, shop,
          kennysheep_little_box, patterned_corridor
D:6:      layout_rooms, basic_altar, uniq_duvessa
Temple:   nicolae_temple_the_god_donut

Skill      XL: |  1  2  3  4  5  6  7  8 |
---------------+-------------------------+-----
Fighting       | 4 5 |  5.3
Armour         | 4 5 6 |  6.2
Shields        | 4 5 6 |  6.4
Maces & Flails | 1 2 3 4 5 |  5.2
Spellcasting   | 1 2 |  2.7
Axes           | |  2.9
Slings         | |  0.3
Dodging        | |  0.9

Action                   |  1- 3 |  4- 6 |  7- 9 || total
-------------------------+-------+-------+-------++-------
Melee: War axe           |    60 |       |       ||    60
       Mace              |    46 |   190 |   270 ||   506
 Fire: Hunting sling     |       |       |    12 ||    12
Throw: Boomerang         |     7 |       |       ||     7
Invok: Heroism           |       |       |     1 ||     1
  Use: Scroll            |     2 |       |       ||     2
       Potion            |       |     1 |       ||     1
  Eat: Chunk             |     1 |     7 |     4 ||    12
       Ration            |       |       |     1 ||     1
Armor: Scale mail        |    48 |    39 |       ||    87
       Plate armour      |       |    91 |   132 ||   223
Dodge: Dodged            |    41 |    38 |    53 ||   132
Block: Shield            |    55 |   109 |   154 ||   318

Table legend:
 A = Non-vault XP
 B = Vault XP
 C = Vault XP percentage of total XP
 D = Non-vault monster count
 E = Vault monster count
 F = Vault count percentage of total count
                 A         B        C        D         E       F
            +---------+---------+-------+---------+---------+-------
      Total |    1593 |     336 |  17.4 |     111 |      29 |  20.7
            +---------+---------+-------+---------+---------+-------
        D:1 |      39 |       0 |   0.0 |      16 |       0 |   0.0
        D:2 |     103 |       0 |   0.0 |      30 |       0 |   0.0
        D:3 |      44 |       0 |   0.0 |      17 |       0 |   0.0
        D:4 |     345 |     200 |  36.7 |      23 |       9 |  28.1
        D:5 |     855 |      67 |   7.3 |      19 |      19 |  50.0
        D:6 |     207 |      69 |  25.0 |       6 |       1 |  14.3
            +---------+---------+-------+---------+---------+-------
